 Dungeon Crawl Stone Soup version 0.29.0-4-gdea44cf6ec (webtiles) character file.

Game seed: 5840628018310168676

50 qw the Chopper (level 3, -1/21 HPs)
             Began as a Tengu Warper on Aug 28, 2022.
             Constricted to death by Robin (2 damage)
             ... on level 2 of the Dungeon.
             The game lasted 00:00:06 (1244 turns).

qw the Chopper (Tengu Warper)                       Turns: 1244, Time: 00:00:07

Health: -1/21      AC:  6    Str: 13    XL:     3   Next: 79%
Magic:  7/7        EV:  6    Int: 13    God:
Gold:   117        SH:  0    Dex: 13    Spells: 6/6 levels left

rFire   . . .      SeeInvis .   Y - +2 hand axe
rCold   . . .      Faith    .   (no shield)
rNeg    . . .      Spirit   .   f - +0 scale mail
rPois   .          Reflect  .   (helmet restricted)
rElec   .          Harm     .   (no cloak)
rCorr   .          Rampage  .   (no gloves)
Will    .....                   (boots unavailable)
Stlth   ..........              (no amulet)
HPRegen 0.07/turn               (no ring)
MPRegen 0.10/turn               (no ring)

@: grasped by roots, constricted
A: beak, talons 3
a: no special abilities


You were on level 2 of the Dungeon.
You visited 1 branch of the dungeon, and saw 2 of its levels.

You collected 117 gold pieces.


Innate Abilities, Weirdness & Mutations

You have a beak for a mouth.
You have claws for feet.


   Skills:
 - Level 2.0 Fighting
 + Level 4.4 Axes
 - Level 1.0 Throwing
 - Level 1.1 Armour
 - Level 2.1 Dodging
 - Level 2.0 Spellcasting
 - Level 2.4 Translocations


You had 6 spell levels left.
You didn't know any spells.
Your spell library contained the following spells:

 Spells                   Type           Power      Damage    Failure   Level
 Blink                    Tloc           14%        N/A       56%         2
 Gell's Gravitas          Tloc           7%         N/A       80%         3
 Lesser Beckoning         Tloc           7%         N/A       80%         3
 Teleport Other           Tloc           7%         N/A       80%         3
 Manifold Assault         Tloc           7%         N/A       100%        5

Inventory:

Hand Weapons
 c - a +0 club
 Y - a +2 hand axe (weapon)
Missiles
 h - 5 boomerangs (quivered)
Armour
 f - a +0 scale mail (worn)
Scrolls
 a - a scroll of identify
Potions
 b - a potion of mutation {unknown}
 d - a potion of resistance {unknown}
 i - a potion of degeneration {unknown}

Dungeon Overview and Level Annotations

Branches:
Dungeon (2/15)

Altars:

Annotations:
D:2 Robin


Message History

You kill the goblin!
A goblin comes into view. It is wielding a +0 dagger.
You closely miss the goblin. You claw the goblin.
You kill the goblin!
The bat barely misses you.
You miss the bat. Your kick misses the bat.
The bat hits you but does no damage. Robin throws the goblin at you!
The bat barely misses you. The goblin hits you with a +0 club.
The goblin barely misses you.
You hit the bat.
You kill the bat!
You hit the goblin. You hit the goblin but do no damage.
The goblin hits you with a +0 dagger. The goblin closely misses you.
You hit the goblin. Your kick misses the goblin. Your peck misses the goblin.
The goblin is severely wounded.
You hit the goblin. You closely miss the goblin. The goblin barely misses you.
A goblin comes into view. It is wielding a +0 dagger.
The goblin hits you with a +0 dagger. Robin throws the goblin at you!
The goblin shouts!
You hit the goblin.
You kill the goblin!
You closely miss the goblin. You hit the goblin.
You kill the goblin!
You hit the goblin.
You kill the goblin!
A goblin comes into view. It is wielding a +0 dagger.
The goblin hits you but does no damage.
You slash Robin! Your kick misses Robin.
Robin is heavily wounded.
You barely miss the goblin. The goblin hits you but does no damage.
Robin zaps a wand.
The roots erupt in riotous growth!
The grasping roots grab you!
Robin is unaffected.
The goblin is unaffected.
The grasping roots constrict you.
You hit Robin. You claw Robin, but do no damage. You peck Robin.
Robin is almost dead.
You hit the goblin but do no damage. Robin completely misses you.
The grasping roots constrict you.
You die...

^.###.##....#. #
##.##.#######.. #####. ##
##.##.# #.. [..... .. ##.##.#
#.# ...g# . #.###.#### #.#
....# . .## #.##)####.# ...
#### ## #.......#.###.####..
####... .#
####.##.#..)g...g..####......
.# #.##....)@)....###........
.# #.####...g)..####.......).
.# #.# #....#### #..####%###
.# #.# #.#### ##..##...# # .#
#.# #.. #...#....# # . #.#
#.. #...#....# # #...
##........# . #.##
#....###### . #....# .


You could see Robin and 3 goblins.

Vanquished Creatures
  An adder (D:2)
  2 dart slugs
  7 ball pythons
  A bat (D:2)
  3 endoplasms
  A giant cockroach (D:2)
  10 goblins (D:2)
  2 hobgoblins (D:1)
  3 kobolds
  3 frilled lizards
33 creatures vanquished.

Notes
Turn   | Place    | Note
-------+----------+-------------------------------------------
     0 | D:1      | qw the Tengu Warper began the quest for the Orb.
     0 | D:1      | Reached XP level 1. HP: 12/12 MP: 4/4
     0 | D:1      | 0 ||| qw: Version: 0.1-a-89-g26bdef1
     0 | D:1      | 0 ||| qw: Game counter: 1520
     0 | D:1      | 0 ||| qw: Always use a shield: true
     0 | D:1      | 0 ||| qw: God list: Okawaru
     0 | D:1      | 0 ||| qw: Allow faded altars: false
     0 | D:1      | 0 ||| qw: Do Orc after D:15 true
     0 | D:1      | 0 ||| qw: Do second Lair branch before Depths: true
     0 | D:1      | 0 ||| qw: Lair rune preference: random
     0 | D:1      | 0 ||| qw: Plans: Normal
     0 | D:1      | 0 ||| PLANNING D:1-11
   264 | D:1      | Reached skill level 3 in Axes
   264 | D:1      | Reached XP level 2. HP: 17/17 MP: 6/6
   382 | D:1      | You fall into a shaft and drop 1 floor!
   419 | D:2      | 419 ||| UPGRADING to +0 scale mail.
   429 | D:2      | 429 ||| DROPPING +0 leather armour.
   430 | D:2      | 430 ||| READING 2 scrolls labelled WEADGHOPIOW.
   431 | D:2      | 431 ||| READING scroll labelled QEORASSOKHYSIPT.
   432 | D:2      | 432 ||| DROPPING scroll of blinking.
   716 | D:1      | 716 ||| READING 2 scrolls labelled POPRUR TAIDGH.
   717 | D:1      | 717 ||| READING scroll of enchant weapon.
   717 | D:1      | 717 ||| ENCHANTING +1 hand axe.
   791 | D:2      | 791 ||| Stepping ~*~*~tactically~*~*~ (hiding).
   792 | D:2      | 792 ||| Stepping ~*~*~tactically~*~*~ (hiding).
   804 | D:2      | Reached XP level 3. HP: 17/21 MP: 7/7
   881 | D:2      | Reached skill level 4 in Axes
   882 | D:2      | 882 ||| FLEEEEING.
   883 | D:2      | 883 ||| FLEEEEING.
   884 | D:2      | 884 ||| FLEEEEING.
   885 | D:2      | 885 ||| FLEEEEING.
   886 | D:2      | 886 ||| FLEEEEING.
   887 | D:2      | 887 ||| FLEEEEING.
   888 | D:2      | 888 ||| FLEEEEING.
   889 | D:2      | 889 ||| FLEEEEING.
   890 | D:2      | 890 ||| FLEEEEING.
   891 | D:2      | 891 ||| FLEEEEING.
   892 | D:2      | 892 ||| FLEEEEING.
   893 | D:2      | 893 ||| FLEEEEING.
   894 | D:2      | 894 ||| FLEEEEING.
   895 | D:2      | 895 ||| FLEEEEING.
   896 | D:2      | 896 ||| FLEEEEING.
   897 | D:2      | 897 ||| FLEEEEING.
   898 | D:2      | 898 ||| FLEEEEING.
   899 | D:2      | 899 ||| FLEEEEING.
   900 | D:2      | 900 ||| FLEEEEING.
   901 | D:2      | 901 ||| FLEEEEING.
   902 | D:2      | 902 ||| FLEEEEING.
   903 | D:2      | 903 ||| STAIRDANCE
  1042 | D:2      | 1042 ||| STAIRDANCE
  1168 | D:2      | Found a faded altar of an unknown god.
  1233 | D:2      | Noticed Robin
  1234 | D:2      | 1234 ||| Stepping ~*~*~tactically~*~*~ (hiding).
  1243 | D:2      | HP: 1/21 [constriction (5)]
  1244 | D:2      | Constricted to death by Robin

Levels and vault maps discovered:
D:1:      wander_arrival_estate, layout_loops_ring, hangedman_decor_peaks_small,
          minmay_pentomino_t2
D:2:      minmay_recursive_quarters, layout_loops_ring,
          ebering_ecumenical_altar_webs, uniq_robin

Skill      XL: |  1  2  3 |
---------------+----------+-----
Axes           | 3 4 |  4.4
Fighting       | |  2.0
Throwing       | |  1.0
Armour         | |  1.1
Dodging        | |  2.1
Spellcasting   | |  2.0
Translocations | |  2.4

Action                   || total
-------------------------++-------
Melee: Hand axe          ||    43
       Kick              ||    11
       Peck              ||     6
Throw: Boomerang         ||    27
  Use: Scroll            ||     4
Armor: Leather armour    ||     2
       Scale mail        ||    13
Dodge: Dodged            ||    22

Table legend:
 A = Non-vault XP
 B = Vault XP
 C = Vault XP percentage of total XP
 D = Non-vault monster count
 E = Vault monster count
 F = Vault count percentage of total count
                 A         B        C        D         E       F
            +---------+---------+-------+---------+---------+-------
      Total |      48 |      24 |  33.3 |      19 |      14 |  42.4
            +---------+---------+-------+---------+---------+-------
        D:1 |      21 |       3 |  12.5 |      11 |       2 |  15.4
        D:2 |      27 |      21 |  43.8 |       8 |      12 |  60.0
            +---------+---------+-------+---------+---------+-------
